 Dungeon Crawl Stone Soup version 0.21.1-1-g345015fe64 (webtiles) character file.

125 Mrkan the Ruffian (level 4, 0/44 HPs)
             Began as a Troll Monk on May 6, 2018.
             Was a Believer of Yredelemnul.
             Slain by Mrkan's ghost (17 damage)
             ... on level 3 of the Dungeon.
             The game lasted 00:04:10 (1397 turns).

Mrkan the Ruffian (Troll Monk)                      Turns: 1397, Time: 00:04:11

Health: 0/44       AC:  5    Str: 19    XL:     4   Next: 82%
Magic:  3/3        EV: 10    Int:  6    God:    Yredelemnul [**....]
Gold:   98         SH:  0    Dex: 13    Spells: 3/3 levels left

rFire    . . .     SeeInvis .     - Unarmed
rCold    . . .     Gourm    +   (no shield)
rNeg     . . .     Faith    .   a - +0 robe
rPois    .         Spirit   .   (helmet restricted)
rElec    .         Reflect  .   (no cloak)
rCorr    .         Harm     .   (gloves unavailable)
MR       .....                  (boots unavailable)
Stlth    ++........             (no amulet)
HPRegen  0.54/turn              (no ring)
MPRegen  0.08/turn              (no ring)

@: no status effects
A: large, unfitting armour, claws 3, fast metabolism 3, gourmand, regeneration
1, shaggy fur 1, tough skin 2
a: Animate Remains, Recall Undead Slaves, Injury Mirror, Renounce Religion


You were on level 3 of the Dungeon.
You worshipped Yredelemnul.
Yredelemnul was pleased with you.
You were completely stuffed.

You visited 1 branch of the dungeon, and saw 3 of its levels.

You collected 98 gold pieces.

Inventory:

Armour
 a - a +0 robe (worn)
Jewellery
 h - an uncursed amulet of faith {unknown}
 j - an uncursed amulet of guardian spirit {unknown}
Scrolls
 c - a scroll of immolation {unknown}
 d - 4 scrolls of teleportation {unknown}
 e - 5 scrolls of identify {unknown}
 i - a scroll of random uselessness {unknown}
 k - a scroll of fog {unknown}
Potions
 g - a potion of flight {unknown}
Comestibles
 b - 5 rations
 f - 2 chunks of flesh


   Skills:
 * Level 2.6 Fighting
 - Level 2.4 Dodging
 - Level 1.0 Stealth
 - Level 5.2 Unarmed Combat
 * Level 1.0 Invocations


You had 3 spell levels left.
You didn't know any spells.

Dungeon Overview and Level Annotations

Branches:
Dungeon (3/15)

Altars:
Elyvilon
Sif Muna
Yredelemnul

Annotations:
D:3 Mrkan's ghost, amateur TrMo


Innate Abilities, Weirdness & Mutations

You are too large for most types of armour.
You have claws for hands.
Your metabolism is lightning-fast.
You like to eat raw meat.
Your natural rate of healing is unusually fast.
You are covered in fur. (AC +1)
You have very tough skin. (AC +2)


Message History

You closely miss Mrkan's ghost.
Mrkan's ghost is moderately damaged.
Mrkan's ghost closely misses you.
You claw Mrkan's ghost!
Mrkan's ghost is heavily damaged.
Mrkan's ghost ripples.
Mrkan's ghost closely misses you.
You scratch Mrkan's ghost.
Mrkan's ghost is heavily damaged.
You scratch Mrkan's ghost but do no damage.
Mrkan's ghost is heavily damaged.
Mrkan's ghost barely misses you.
You closely miss Mrkan's ghost.
Mrkan's ghost is heavily damaged.
Mrkan's ghost hits you!!
You closely miss Mrkan's ghost.
Mrkan's ghost is heavily damaged.
Mrkan's ghost hits you!
You die...
Your body rises from the dead as a mindless zombie.

. #. #.#.##
#.#.#####
#.#.##
#..(....###
###.#..#
..........
#<.....#
#........#
###..<##
.........#
###.# #.....=.#
#.#
....####.######
#.# # #.W@...#
#.# ######.#
#.# #.# #.# #.#
#.# #.# #.# #.#
#.#
#.#########.#
#...........#
#############


You could see Mrkan's ghost.

Vanquished Creatures
  A worker ant zombie (D:2)
  3 gnolls
  3 adders
  3 leopard geckos (D:2)
  7 bats
  2 giant cockroaches
  7 goblins
  14 jackals
  3 kobolds (D:1)
  A quokka (D:2)
  A frilled lizard (D:2)
  5 rats
50 creatures vanquished.

Notes
Turn   | Place    | Note
-------+----------+-------------------------------------------
     0 | D:1      | Mrkan the Troll Monk began the quest for the Orb.
     0 | D:1      | Reached XP level 1. HP: 22/22 MP: 0/0
   150 | D:1      | Reached XP level 2. HP: 20/29 MP: 1/1
   527 | D:1      | Reached skill level 4 in Unarmed Combat
   613 | D:2      | Reached XP level 3. HP: 36/36 MP: 2/2
   680 | D:2      | Found a white marble altar of Elyvilon.
   696 | D:2      | Found a basalt altar of Yredelemnul.
   866 | D:2      | Reached skill level 5 in Unarmed Combat
   866 | D:2      | Reached XP level 4. HP: 37/44 MP: 3/3
   881 | D:2      | Found a deep blue altar of Sif Muna.
  1100 | D:2      | Became a worshipper of Yredelemnul the Dark
  1100 | D:2      | Reached * piety under Yredelemnul
  1100 | D:2      | Reached ** piety under Yredelemnul
  1379 | D:3      | Reached skill level 1 in Invocations
  1380 | D:3      | Noticed Mrkan's ghost (amateur TrMo)
  1397 | D:3      | Slain by Mrkan's ghost

Skill      XL: |  1  2  3  4 |
---------------+-------------+-----
Unarmed Combat | 4 5 |  5.2
Invocations    | 1 |  1.0
Fighting       | |  2.6
Dodging        | |  2.4
Stealth        | |  1.0

Action                   |  1- 3 |  4- 6 || total
-------------------------+-------+-------++-------
Melee: Unarmed           |   108 |    52 ||   160
       Punch             |     2 |       ||     2
 Stab: Sleeping          |     1 |     1 ||     2
  Eat: Chunk             |    13 |     5 ||    18
Armor: Robe              |    64 |    28 ||    92
Dodge: Dodged            |    79 |    38 ||   117
